 Dungeon Crawl Stone Soup version 0.29.1-2-gbd0b4ee654 (webtiles) character file.

Game seed: 14508719326609778449

1908 MisterFreud the Nimble (level 8, -10/57 HPs)
             Began as a Felid Berserker on Oct 26, 2022.
             Was an Elder of Trog.
             Mangled by a wyvern (12 damage)
             ... on level 8 of the Dungeon.
             The game lasted 00:08:12 (8103 turns).

MisterFreud the Nimble (Felid Berserker)            Turns: 8103, Time: 00:08:13

Health: -10/57     AC:  2    Str: 13    XL:     8   Next: 94%
Magic:  9/9        EV: 27    Int:  8    God:    Trog [****..]
Gold:   488        SH:  0    Dex: 24    Spells: 7/7 levels left
                                        Lives:  0   Deaths: 2

rFire   . . .      SeeInvis +     - Unarmed
rCold   . . .      Faith    .   (shield unavailable)
rNeg    . . .      Spirit   .   (body armour unavailable)
rPois   .          Reflect  .   (helmet unavailable)
rElec   .          Harm     .   (cloak unavailable)
rCorr   .          Rampage  .   (gloves unavailable)
Will    +++..                   (boots unavailable)
Stlth   ..........              b - amulet of regeneration
HPRegen 1.99/turn               m - +6 ring of dexterity
MPRegen 0.11/turn               (no ring)

@: berserking, strong-willed, regenerating, very quick
A: very small, claws 1, fangs 3, see invisible, speed 1, shaggy fur 2, stealthy
paws, no weapons or thrown items, no armour, multi-lived
a: Renounce Religion, Berserk, Trog's Hand, Brothers in Arms


You were on level 8 of the Dungeon.
You worshipped Trog.
Trog was greatly pleased with you.
You visited 1 branch of the dungeon, and saw 8 of its levels.
You also visited: Sewer.

You collected 488 gold pieces.

Inventory:

Jewellery
 b - an amulet of regeneration (around neck)
 m - a +6 ring of dexterity (left paw)
 n - an amulet of the acrobat
 r - an amulet of reflection
 y - a +6 ring of strength
Wands
 t - a wand of roots (6)
Scrolls
 a - a scroll of silence
 j - 4 scrolls of teleportation
 k - 5 scrolls of magic mapping
 v - a scroll of blinking
Potions
 c - a potion of invisibility {unknown}
 d - 2 potions of heal wounds
 e - a potion of berserk rage {unknown}
 f - a potion of magic {unknown}
 g - 5 potions of curing
 h - 5 potions of flight
 i - 2 potions of resistance
 l - 2 potions of lignification {unknown}
 p - 2 potions of attraction {unknown}
 q - a potion of degeneration {unknown}
 s - a potion of brilliance {unknown}
 u - a potion of might {unknown}
 w - a potion of mutation {unknown}


   Skills:
 - Level 6.0 Fighting
 - Level 10.0 Dodging
 + Level 9.2 Stealth
 + Level 7.7 Unarmed Combat


You had 7 spell levels left.
You didn't know any spells.
Your spell library was empty.

Dungeon Overview and Level Annotations

Branches:
Dungeon (8/15)             Temple (0/1) D:4            Lair (0/5) D:8
  Sewer (visited)

Altars:
Cheibriados
Dithmenos
Elyvilon
Gozag
Okawaru
Sif Muna
Trog
Uskayaw
Vehumet

Shops:
D:6 :   D:7 :


Innate Abilities, Weirdness & Mutations

You have sharp claws.
You have razor-sharp teeth.
You have supernaturally acute eyesight. (SInv)
You cover ground quickly. (Speed+)
You are covered in thick fur. (AC +2)
Your paws help you pounce on unaware monsters.
You are incapable of wielding weapons or throwing items.
You cannot wear armour.
You gain extra lives every three experience levels.


Message History

The wolf is heavily wounded.
The wolf bites you!
You scratch the wolf but do no damage. You bite the wolf, but do no damage.
The wolf is heavily wounded.
The wolf closely misses you. The wolf completely misses you.
You claw the wolf!
You kill the wolf!
Trog accepts your kill. The wyvern completely misses you.
Your skin crawls.
You feel strong-willed. The wyvern closely misses you.
You barely miss the wyvern. The wyvern misses you.
The wyvern closely misses you.
You closely miss the wyvern. The wyvern misses you.
The water moccasin hisses angrily.
You scratch the wyvern.
The wyvern is lightly wounded.
The wyvern closely misses you.
You scratch the wyvern. Your bite misses the wyvern.
The wyvern is lightly wounded.
The wyvern bites you!!
You scratch the wyvern but do no damage.
The wyvern is lightly wounded.
The wyvern misses you. The wyvern completely misses you.
You completely miss the wyvern.
The wyvern is lightly wounded.
The wyvern bites you!
* * * LOW HITPOINT WARNING * * *
You completely miss the wyvern. Your bite misses the wyvern.
The wyvern is lightly wounded.
The wyvern completely misses you.
Unknown command.
Unknown command.
Unknown command.
A red film seems to cover your vision as you go berserk!
You feel yourself moving faster!
You feel mighty! The wyvern bites you!
* * * LOW HITPOINT WARNING * * *
The wyvern bites you!
You die...

########### ##..#......#
#. #....#.....# # #...
#....#.....####....
####... #....#.....<....#
..SP... #....'l.........#
♣...... #ll..#ll........+
.....♣.##h####l##..####.#
P...P/.P#'## #@##..# #
..P....P.h<#..........
PPhSP..♣..+..........
♣PP.♣..hh.####.#####.##
.> ♣P.....# #.# .#
..l..♣P... ...
.PSlP...........
..l?...P...###.. sl....P
.###


You could see 4 wyverns.

Vanquished Creatures
  Grinder (D:4)
  A steam dragon (D:7)
  2 water moccasins
  Duvessa (D:4)
  2 black bears
  An ice beast (D:6)
  2 ogres
  2 centaurs (D:5)
  A wolf (D:8)
  A kobold brigand (D:6)
  2 necrophages (D:5)
  A scorpion (D:6)
  A bullfrog (D:5)
  Dowan (D:4)
  5 howler monkeys (D:7)
  3 hounds
  A gnoll bouda (D:4)
  2 jellies
  2 iguanas
  Terence (D:3)
  8 orc wizards
  Natasha (D:4)
  A merfolk siren (Sewer)
  A merfolk avatar (Sewer)
  11 gnolls
  9 adders
  3 river rats
  A shadow imp (D:6)
  A white imp (D:7)
  An ufetubus (D:6)
  2 worms
  2 dart slugs
  9 orcs
  10 endoplasms
  3 goblins
  2 hobgoblins
  4 quokkas
  14 ball pythons
  8 bats
  5 frilled lizards
  8 kobolds
  31 rats
168 creatures vanquished.

Vanquished Creatures (others)
  A gnoll (D:4)
  3 fungi (D:8)
  5 plants (D:8)
9 creatures vanquished.

Grand Total: 177 creatures vanquished

Notes
Turn   | Place    | Note
-------+----------+-------------------------------------------
     0 | D:1      | MisterFreud the Felid Berserker began the quest for the
                  | Orb.
     0 | D:1      | Reached XP level 1. HP: 10/10 MP: 2/2
   409 | D:1      | Reached skill level 1 in Stealth
   411 | D:1      | Found a faded altar of an unknown god.
   555 | D:1      | Reached XP level 2. HP: 11/14 MP: 3/3
  2258 | D:2      | Reached XP level 3. HP: 17/17 MP: 4/4
  3131 | D:3      | Found an iron altar of Okawaru.
  3150 | D:3      | Reached XP level 4. HP: 21/21 MP: 5/5
  3304 | D:3      | Found a white marble altar of Elyvilon.
  3326 | D:3      | Noticed Terence
  3333 | D:3      | Killed Terence
  3334 | D:3      | Reached XP level 5. HP: 24/24 MP: 6/6
  3534 | D:3      | Noticed a +0 dagger
  3535 | D:3      | Found a hide-covered altar of Uskayaw.
  3536 | D:3      | Noticed a +0 dagger
  3832 | D:4      | Reached ** piety under Trog
  3833 | D:4      | Reached skill level 5 in Stealth
  3866 | D:4      | Found a staircase to the Ecumenical Temple.
  3875 | D:4      | Noticed Natasha
  3881 | D:4      | Killed Natasha
  3941 | D:4      | Noticed Dowan
  3947 | D:4      | Noticed Duvessa
  3957 | D:4      | Killed Duvessa
  3958 | D:4      | Reached skill level 5 in Unarmed Combat
  3958 | D:4      | Gained mutation: You are covered in thick fur. (AC +2)
                  | [Felid growth]
  3958 | D:4      | Reached XP level 6. HP: 16/28 MP: 7/7
  3967 | D:4      | HP: 1/28 [gnoll/+0 flail (12)]
  3967 | D:4      | Slain by a gnoll
  3968 | D:4      | Reached XP level 5. HP: -1/24 MP: 6/6
  3991 | D:4      | Killed Dowan
  4098 | D:4      | Found a bloodstained altar of Trog.
  4103 | D:4      | Noticed a black bear
  4104 | D:4      | Noticed Grinder
  4132 | D:4      | Killed a black bear
  4133 | D:4      | Reached skill level 5 in Dodging
  4133 | D:4      | Reached XP level 6. HP: 28/28 MP: 7/7
  4170 | D:4      | Paralysed by Grinder for 2 turns
  4206 | D:4      | Killed Grinder
  4207 | D:4      | Reached skill level 7 in Dodging
  4207 | D:4      | Reached XP level 7. HP: 31/31 MP: 8/8
  4267 | D:4      | Found a snail-covered altar of Cheibriados.
  4494 | D:5      | Entered Level 5 of the Dungeon
  4497 | D:5      | Reached skill level 8 in Dodging
  4554 | D:5      | Reached skill level 9 in Dodging
  4557 | D:5      | Found a glowing drain.
  4581 | Sewer    | Entered a sewer
  4661 | Sewer    | Reached *** piety under Trog
  5248 | D:5      | Reached XP level 8. HP: 34/34 MP: 9/9
  5292 | D:5      | Found a radiant altar of Vehumet.
  5322 | D:5      | Reached skill level 10 in Dodging
  5895 | D:6      | You fall into a shaft and drop 1 floor!
  5935 | D:7      | Reached skill level 5 in Fighting
  6057 | D:7      | Found an opulent altar of Gozag.
  6102 | D:7      | Found a shadowy altar of Dithmenos.
  6122 | D:7      | Slain by a steam dragon
  6123 | D:7      | Reached XP level 7. HP: 0/33 MP: 8/8
  6362 | D:7      | Killed a steam dragon
  6363 | D:7      | Reached XP level 8. HP: 38/38 MP: 9/9
  6494 | D:7      | Reached **** piety under Trog
  6504 | D:6      | Found Feniupna's Book Shop.
  6622 | D:7      | Found Ohoh's Tremendous Tomes.
  7426 | D:6      | Found a shimmering blue altar of Sif Muna.
  8068 | D:8      | Found a staircase to the Lair.
  8103 | D:8      | HP: 2/57 [wyvern (12)]
  8103 | D:8      | Mangled by a wyvern

Illustrated notes

Levels and vault maps discovered:
D:1:      roderic_chinese_lattice_arrival, layout_basic,
          shapermc_ecumenical_altar_acropolis
D:2:      layout_loops_ring, minmay_pentomino_s2
D:3:      layout_basic, elyvilon_altar_3, dancing_weapons_uskayaw,
          okawaru_ov_weapons_minmay, uniq_terence
D:4:      layout_cave_pools, lemuel_doored_altar,
          minmay_temple_entry_statues_pillars, minmay_ruined_shrine,
          uniq_natasha, uniq_grinder, uniq_duvessa
D:5:      layout_loops_corners, mainiacjoe_overflow_concentric_impassable,
          portal_sewer_entry_c
D:6:      layout_layer_cave, led_sif_pool, serial_shops, nicolae_take_the_stairs
D:7:      layout_gridville, nicolae_dithmenos_the_darkroom, marbit_many_paths,
          nicolae_shop_i_like_big_books
D:8:      layout_gridville, mainiacjoe_overflow_swirl, old_standard_altar,
          minmay_lair_entry_grove, gammafunk_ghost_smash,
          nicolae_ossuary_entry_catacombs, serial_shops,
          nicolae_shop_bloodbath_and_beyond

Skill      XL: |  1  2  3  4  5  6  7  8 |
---------------+-------------------------+-----
Stealth        | 1 2 3 4 6 9 |  9.2
Unarmed Combat | 4 6 7 |  7.7
Dodging        | 5 7 9 10 | 10.0
Fighting       | 6 5 |  6.0

Action                   |  1- 3 |  4- 6 |  7- 9 || total
-------------------------+-------+-------+-------++-------
Melee: Unarmed           |   108 |    96 |   363 ||   567
       Bite              |     6 |     8 |    48 ||    62
       Punch             |     1 |     7 |    17 ||    25
Invok: Berserk           |     4 |     5 |     5 ||    14
       Trog's Hand       |       |     1 |     3 ||     4
  Use: Scroll            |     5 |     4 |     5 ||    14
 Stab: Sleeping          |     6 |     7 |    17 ||    30
       Distracted        |       |     1 |     2 ||     3
Armor: Skin              |     9 |     5 |    20 ||    34
Dodge: Dodged            |    93 |    79 |   387 ||   559
